 Dungeon Crawl Stone Soup version 0.32-a0-918-g0f22ef8d61 (webtiles) character file.

Game seed: 732357373307241960

14 601d51SH the Poker (level 2, 24/24 HPs)
             Began as a Human Cinder Acolyte on Apr 11, 2024.
             Was a High Priest of Ignis.
             Quit the game on level 1 of the Dungeon.
             The game lasted 00:01:23 (524 turns).

601d51SH the Poker (Human Cinder Acolyte)            Turns: 524, Time: 00:01:23

Health: 24/24      AC:  3    Str: 14    XL:     2   Next: 41%
Magic:  3/3        EV: 10    Int: 14    God:    Ignis [*****.]
Gold:   10         SH:  0    Dex:  8    Spells: 3/3 levels left

rFire   + . .        a - -1 spear (flame)
rCold   . . .        (no shield)
rNeg    . . .        e - +0 leather armour
rPois   .            (no helmet)
rElec   .            (no cloak)
rCorr   .            (no gloves)
SInv    .            (no boots)
Will    .....        (no amulet)
Stlth   +            (no ring)
HPRegen 0.24/turn    (no ring)
MPRegen 0.08/turn

%: no passive effects
@: no status effects
A: explore regen
a: Renounce Religion, Fiery Armour, Foxfire Swarm, Rising Flame


You were on level 1 of the Dungeon.
You worshipped Ignis.
Ignis was extremely pleased with you.
You visited 1 branch of the dungeon, and saw 1 of its levels.

You collected 10 gold pieces.

Inventory:

Hand Weapons
 a - a -1 spear of flaming (weapon)
Missiles
 f - 15 stones (quivered)
Armour
 b - a +0 robe
 e - a +0 leather armour (worn)
Scrolls
 c - a scroll of identify {unknown}
 g - a scroll of enchant weapon {unknown}
Potions
 d - a potion of enlightenment {unknown}


   Skills:
 - Level 3.0 Fighting
 + Level 3.7 Polearms
 - Level 1.0 Spellcasting
 - Level 3.0 Fire Magic


You had 3 spell levels left.
You didn't know any spells.
Your spell library contained the following spells:

 Spells                   Type           Power      Damage    Failure   Level
 Scorch                   Fire           18%        2d5       14%         2


Dungeon Overview and Level Annotations

Branches:
Dungeon (1/15)

Altars:


Innate Abilities, Weirdness & Mutations

You regain HP and MP as you explore.


Message History

The bat hits you but does no damage.
You barely miss the bat. The bat barely misses you.
You reach to attack!
You hit the bat. You burn the bat.
You kill the bat!
No target in view!
You open the door.
There is an open door here.
You open the door.
There is an open door here.
A rat comes into view.
The rat squeaks loudly.
You hear a shout!
A rat is nearby!
You reach to attack!
You hit the rat but do no damage.
You reach to attack!
You closely miss the rat. You hit the rat. You burn the rat.
You kill the rat!
A goblin comes into view. It is wielding a +0 dagger.
A hobgoblin comes into view.
Found a stone staircase leading down.
The hobgoblin shouts!
You reach to attack!
You hit the goblin. You burn the goblin.
You kill the goblin!
Found a scroll labelled LIUTTYETYU.
You hit the hobgoblin. You burn the hobgoblin.
The hobgoblin is severely wounded.
The hobgoblin hits you.
You hit the hobgoblin but do no damage.
The hobgoblin is severely wounded.
The hobgoblin barely misses you.
You barely miss the hobgoblin.
The hobgoblin is severely wounded.
You hit the hobgoblin. You burn the hobgoblin.
You kill the hobgoblin!
No target in view!
No target in view!
No target in view!
No target in view!
You see here a hobgoblin corpse.
g - a scroll labelled LIUTTYETYU Are you sure you want to abandon this character and quit the game? (Confirm with "yes".)

..≈<.≈..###♣♣♣♣♣♣#.#
#...#.#.#
..≈.≈...####+#####.#
##..#.#.#
≈.≈................#
##.#.#.#
..≈...≈.......>.....
..#...#
#.≈...≈.........########
#######
#..≈..≈.................
##..≈.≈.................
##.≈.≈...†.............
#..≈...)......@.......
##....................
#............########
####.........#
###########


There were no monsters in sight!

Vanquished Creatures
  An endoplasm (D:1)
  4 goblins (D:1)
  2 hobgoblins (D:1)
  2 kobolds (D:1)
  2 bats (D:1)
  A rat (D:1)
12 creatures vanquished.

Notes
Turn   | Place    | Note
-------+----------+-------------------------------------------
     0 | D:1      | 601d51SH the Human Cinder Acolyte began the quest for the
                  | Orb.
     0 | D:1      | Reached XP level 1. HP: 18/18 MP: 2/2
   251 | D:1      | Found a faded altar of an unknown god.
   341 | D:1      | Reached XP level 2. HP: 22/24 MP: 3/3
   524 | D:1      | Quit the game

Illustrated notes

Levels and vault maps discovered:
D:1:      ebering_trefoil_3fold, layout_basic,
          hellmonk_ecumenical_altar_prayer_group, serial_forest,
          infiniplex_forest_clump_cross, infiniplex_forest_straight_2,
          infiniplex_forest_join, infiniplex_forest_clump_tiny,
          minmay_misc_feat_tiny, nicolae_figureground_sparkle

Action                     || total
---------------------------++-------
  Melee: Spear             ||    41
 Armour: Leather armour    ||    21
         Robe              ||     1
  Dodge: Dodged            ||    15

Table legend: (Time is in decaauts)
 A = Elapsed time spent in this place.
 B = Non-inter-level travel time spent in this place.
 C = Inter-level travel time spent in this place.
 D = Time resting spent in this place.
 E = Time spent auto-exploring this place.
 F = Levels seen in this place.
 G = Mean time per level.
                   A        B        C        D        E       F      G
               +--------+--------+--------+--------+--------+-----+--------+
         Total |    521 |    521 |      0 |    146 |    234 |   1 |  521.0 |
       Dungeon |    521 |    521 |      0 |    146 |    234 |   1 |  521.0 |
               +--------+--------+--------+--------+--------+-----+--------+

Top non-repeatable levels by time:
     D:1: 521 daAuts
